Cogmind - Beta 15 @@@ ROGUE MODE // 2025.07.17 @ 12:28:31 Player: f3-rnm Result: Destroyed by Enhanced Grunt with Neutron Cannon Performance ------------- Evolutions (4) 2000 Regions Visited (8) 1600 Robots Destroyed (74) 370 Value Destroyed (2389) 2389 Prototype IDs (15) 300 Alien Tech Used (0) 0 Bonus (1387) 1387 TOTAL SCORE: 8046 Bonus ------- Follower Combat Kills 287 Registered with UFD 300 Met Optimus in HQ 500 Met Imprinter 300 Cogmind --------- Core Integrity 0/850 Matter 62/300 Energy 498/500 System Corruption 7% Temperature Cool (0) Movement Rolling (120) Ox2 Location -6/Deep Caves Parts ------- > --- POWER (1) -------- F-cell Engine > --- PROPULSION (5) --- Carbon-fiber Leg Makeshift Leg Armored Wheel Armored Wheel Overtuned Scrapsphere > --- UTILITY (7) ------ High-capacity Storage Unit Enhanced Optical Array Improved Signal Interpreter Experimental Terrain Scan Processor Core Analyzer Improved Light Armor Plating > --- WEAPON (2) ------- Heavy Missile Launcher (fused) Companion Sword > --- INVENTORY (20) --- Light Nuclear Core Improved Deuterium Engine Makeshift Leg Makeshift Leg High-capacity Battery (250) Compact Matter Pod (0) Improved Sensor Array Advanced Terrain Scanner Makeshift Salvage Targeting Computer High-powered Tractor Beam Hacking Drone Bay Magnetic Acceleration Cannon Subdweller Shrapnel Launcher CPS Tube (2) CR-A16's Pointy Stick Peak State ------------ > --- POWER ------------ Improved Deuterium Engine > --- PROPULSION ------- Carbon-fiber Leg Carbon-fiber Leg Carbon-fiber Leg Myomer Leg Myomer Leg > --- UTILITY ---------- High-capacity Storage Unit Enhanced Optical Array Improved Signal Interpreter Experimental Terrain Scan Processor Core Analyzer Transmission Jammer Layered Medium Armor Plating > --- WEAPON ----------- Heavy Missile Launcher Companion Sword > --- INVENTORY -------- Light Nuclear Core Carbon-fiber Leg Overtuned Scrapsphere Scrap Suit High-capacity Battery Compact Matter Pod Improved Sensor Array Advanced Terrain Scanner Makeshift Salvage Targeting Computer Melee Analysis Suite High-powered Tractor Beam Hacking Drone Bay Magnetic Acceleration Cannon Subdweller Shrapnel Launcher CPS Tube CR-A16's Pointy Stick Botcube [Rating: 74] Favorites ----------- Power Subdweller Power Source Engine Subdweller Power Source Power Core Light Nuclear Core Propulsion Carbon-fiber Leg Treads Light Treads Leg Carbon-fiber Leg Wheel Wheel Utility Enhanced Optical Array Device Advanced Terrain Scanner Storage High-capacity Storage Unit Processor Enhanced Optical Array Protection Improved Light Armor Plating Weapon Companion Sword Energy Gun EM Pulse Gun Ballistic Gun Assault Rifle Ballistic Cannon Magnetic Acceleration Cannon Launcher Subdweller Shrapnel Launcher Slashing Weapon Companion Sword Build | -11 -10 -10 -8 -6 -6 -6 -6 -6 ------- Run | Yrd Mat Sub Scr Fac Low Low Zio Dee Slots Evolved 8 | . . . . 8 . . . . Power . | . . . . . . . . . Propulsion 3 | . . . . 3 . . . . Utility 5 | . . . . 5 . . . . Weapon . | . . . . . . . . . Parts Attached 70 | 6 3 7 8 22 13 2 9 . Power 9 | 1 . 2 . 2 1 2 1 . Engine 7 | 1 . 2 . 1 1 1 1 . Core 2 | . . . . 1 . 1 . . Reactor . | . . . . . . . . . Propulsion 29 | 2 . 1 3 10 8 . 5 . Treads 6 | 2 . . . 4 . . . . Leg 16 | . . . 2 5 7 . 2 . Wheel 7 | . . 1 1 1 1 . 3 . Hover . | . . . . . . . . . Flight . | . . . . . . . . . Utility 24 | 1 3 1 3 9 4 . 3 . Device 10 | . 1 1 1 4 2 . 1 . Storage 4 | 1 2 . 1 . . . . . Processor 6 | . . . 1 3 1 . 1 . Hackware . | . . . . . . . . . Protection 4 | . . . . 2 1 . 1 . Artifact . | . . . . . . . . . Weapon 8 | 2 . 3 2 1 . . . . Energy Gun 1 | . . 1 . . . . . . Energy Cannon . | . . . . . . . . . Ballistic Gun 3 | 2 . 1 . . . . . . Ballistic Cannon 1 | . . . . 1 . . . . Launcher 2 | . . 1 1 . . . . . Special Weapon . | . . . . . . . . . Impact Weapon . | . . . . . . . . . Slashing Weapon 1 | . . . 1 . . . . . Piercing Weapon . | . . . . . . . . . Special Melee Weapon . | . . . . . . . . . Unidentified Prototypes 2 | . . . 1 1 . . . . Corrupted Parts 3 | . . . . . 2 . 1 . System Corruption 11 | . . . . . 10 . 1 . Parts Lost 29 | . . 7 . 6 8 . 8 . Power 4 | . . 2 . 1 1 . . . Propulsion 17 | . . 2 . 3 7 . 5 . Utility 5 | . . . . 2 . . 3 . Weapon 3 | . . 3 . . . . . . Highest Loss Streak 8 | . . 5 . 2 8 . 3 . To Critical Strikes . | . . . . . . . . . Average Backups 13 | 1 4 11 10 16 13 18 16 15 Power . | . 1 . . . . 1 1 2 Propulsion 2 | . 2 3 2 2 1 2 1 2 Utility 6 | . . 5 5 8 8 10 9 7 Weapon 2 | . . . 1 2 2 3 3 3 Tool/Special . | . . . . . . . . . Unused Backups 23 | . . . 4 4 1 . 6 8 Power 4 | . . . 1 1 . . 1 1 Propulsion 4 | . . . 1 1 1 . 1 . Utility 12 | . . . 2 2 . . 3 5 Weapon 2 | . . . . . . . 1 1 Tool/Special 1 | . . . . . . . . 1 Average Slot Usage (%) 83 | . 88 89 73 81 82 93 91 93 Engine 8 | . 14 13 10 5 2 5 6 6 Treads 5 | . 28 17 . 5 . . . . Leg 17 | . . . 17 21 28 33 26 13 Wheel 4 | . . 5 7 1 . . 6 20 Device 9 | . 3 14 9 9 7 12 8 . Storage 8 | . 14 14 11 6 5 6 6 6 Processor 13 | . . . 6 17 26 26 26 26 Protection 1 | . . . . 4 1 . 1 6 Ballistic Gun 5 | . 28 20 2 . . . . . Launcher 1 | . . 1 4 . . . 2 6 Slashing Weapon 3 | . . . 2 6 5 6 6 6 Peak Build Rating 74 | 6 8 10 28 66 67 69 74 59 Average Rating 37 | 4 6 8 16 55 59 68 65 59 On Entrance 34 | . 6 8 8 28 63 67 69 59 Naked Turns . | . . . . . . . . . Heaviest Build 73 | 11 27 36 60 69 60 60 73 66 Greatest Support 95 | 40 40 40 38 86 95 80 95 24 Greatest Overweight (x) 8 | . . 3 2 3 8 . 5 2 Average Overweight (x) . | . . 1 1 . . . . 2 Largest Inventory Capacity 20 | 8 15 15 20 20 20 20 20 20 Average Capacity 16 | 7 13 15 14 20 17 20 20 20 Most Carried 20 | 2 11 13 17 20 20 20 20 15 Average Carried 14 | 1 4 11 11 18 14 19 18 15 Final Capacity 20 | 8 15 15 20 20 20 20 20 20 Final Carried 20 | 2 11 13 17 16 20 20 15 15 Class Distribution -------------------- 51% | Mutant 33% | Scavenger-Assassin 11% | Scavenger-Mutant 4% | Assassin Dominant Class ---------------- Mutant | -10/Materials Mutant | -10/Subcaves Mutant | -8/Scraptown Scavenger-Assassin | -6/Factory Scavenger-Assassin | -6/Lower Caves Scavenger-Assassin | -6/Lower Caves Scavenger-Assassin | -6/Zion Scavenger-Mutant | -6/Deep Caves Resources | -11 -10 -10 -8 -6 -6 -6 -6 -6 ----------- Run | Yrd Mat Sub Scr Fac Low Low Zio Dee Matter Collected 2514 | 196 152 237 13 714 651 77 474 . Remotely . | . . . . . . . . . Salvage Created 2640 | . 175 242 . 1421 219 93 490 . Parts 147 | . 9 16 . 79 13 4 26 . Haulers Intercepted . | . . . . . . . . . Recyclers Shooed 1 | . . . . 1 . . . . Parts Field Recycled . | . . . . . . . . . Retrieved Matter . | . . . . . . . . . Parts Self-Destructed 49 | . . 17 . . 26 6 . . Prevented 2 | . . 1 . . 1 . . . Kills | -11 -10 -10 -8 -6 -6 -6 -6 -6 ------- Run | Yrd Mat Sub Scr Fac Low Low Zio Dee Combat Hostiles Destroyed 50 | . 6 5 . 23 6 3 7 . Melee 35 | . . . . 21 6 3 5 . Guns 11 | . 6 5 . . . . . . AOE 4 | . . . . 2 . . 2 . Classes Destroyed 17 | . 2 3 . 7 . . 5 . Worker 1 | . . . . 1 . . . . Tunneler 1 | . . . . 1 . . . . Recycler 2 | . . . . 2 . . . . Turret 2 | . . 2 . . . . . . Watcher 1 | . . . . 1 . . . . Swarmer 18 | . 3 1 . 7 4 3 . . Grunt 11 | . 3 . . 6 2 . . . Duelist 1 | . . . . 1 . . . . Sentry 4 | . . 1 . 3 . . . . Hunter 3 | . . . . 3 . . . . Programmer 3 | . . . . 3 . . . . Subdweller 3 | . . 3 . . . . . . Zionite 16 | . . . . . . . 16 . Decomposer 1 | . . . . . . 1 . . Tinkerer 4 | . . . . . . . 4 . Surgeon 1 | . . . . . . . 1 . Butcher 1 | . . . . . . . 1 . Fireman 1 | . . . . . . . 1 . Mutant 5 | . . . . . . . 5 . Best Kill Streak 9 | . 3 2 . 5 4 2 9 . Combat Bots Only 4 | . 3 2 . 4 4 2 4 . Max Kills in Single Turn 3 | . 1 1 . 2 1 1 3 . Gunslinging . | . . . . . . . . . Exploded 1 | . . . . 1 . . 1 . Melee 2 | . . . . 2 1 1 1 . Uniques/NPCs Destroyed . | . . . . . . . . . Combat | -11 -10 -10 -8 -6 -6 -6 -6 -6 -------- Run | Yrd Mat Sub Scr Fac Low Low Zio Dee Hostile Shots Fired 552 | . 25 110 . 204 83 15 115 . Missed 192 | . 6 46 . 74 22 4 40 . Hits 360 | . 19 64 . 130 61 11 75 . Melee 16 | . . . . 8 . . 8 . Projectile 344 | . 19 64 . 122 61 11 67 . Critical Strikes 12 | . 1 1 . 4 1 . 5 . Part Disruptions 1 | . . . . . . . 1 . Damage Taken 5197 | . 186 624 . 1801 1113 163 1260 50 Core 1018 | . 34 92 . 342 306 . 194 50 Absorbed by Shields 36 | . . . . 36 . . . . Regen/Repaired (Parts) 315 | . . . 233 . . . 82 . Core Remaining (%) 74 | 100 . . 49 . . . . . Volleys Fired 99 | . 19 41 . 5 . . 34 . Largest 2 | . 2 2 . 1 . . 1 . Hottest 60 | . 40 60 . 44 . . 40 . Shots Fired 152 | . 38 75 . 5 . . 34 . Gun 111 | . 38 73 . . . . . . Cannon 2 | . . . . 2 . . . . Launcher 39 | . . 2 . 3 . . 34 . Special . | . . . . . . . . . Kinetic 110 | . 38 64 . 5 . . 3 . Thermal . | . . . . . . . . . Explosive 31 | . . . . . . . 31 . Electromagnetic 11 | . . 11 . . . . . . Robot Hit Streak 14 | . 4 14 . 8 . . 6 . Robot Miss Streak 4 | . 4 3 . . . . 2 . Penetration Max . | . . . . . . . . . Secondary Targets 1 | . . 1 . . . . . . Max Gunslinging Chain 1 | . . 1 . . . . . . Shots Hit Robots 172 | . 22 49 . 61 11 5 24 . Core Hits 133 | . 13 16 . 36 8 3 57 . Critical Kills . | . . . . . . . . . Critical Parts Destroyed . | . . . . . . . . . Critical Strikes 3 | . . 1 . 2 . . . . Corrupt 1 | . . 1 . . . . . . Melee Attacks 124 | . . . . 78 16 9 21 . Impact . | . . . . . . . . . Slashing 124 | . . . . 78 16 9 21 . Piercing . | . . . . . . . . . Sneak Attacks 8 | . . . . 7 . 1 . . Combat Hostiles . | . . . . . . . . . Follow-up Attacks 2 | . . . . 2 . . . . Damage Inflicted 7713 | . 270 573 . 2906 442 253 3269 . Guns 843 | . 270 573 . . . . . . Cannons . | . . . . . . . . . Explosions 2962 | . . . . 152 . . 2810 . Melee 3903 | . . . . 2754 438 253 458 . Ramming 5 | . . . . . 4 . 1 . Kinetic 1092 | . 270 506 . 152 . . 164 . Thermal . | . . . . . . . . . Explosive 2646 | . . . . . . . 2646 . Electromagnetic 67 | . . 67 . . . . . . Impact . | . . . . . . . . . Slashing 3903 | . . . . 2754 438 253 458 . Piercing . | . . . . . . . . . Highest Corruption 31 | . . . . 21 31 31 31 7 Average Corruption 16 | . . . . 7 25 31 10 7 Corruption Purged . | . . . . . . . . . Corruption Blocked . | . . . . . . . . . Effects 121 | . . . . 27 38 28 25 3 Message Errors 23 | . . . . 6 7 5 4 1 Matter Fused 42 | . . . . 10 13 9 8 2 Heat Flow Errors 14 | . . . . 3 5 2 4 . Energy Discharges 13 | . . . . 2 7 3 1 . Parts Rejected 3 | . . . . 1 1 . 1 . Parts Fused 2 | . . . . 1 . . 1 . Data Loss (minor) 13 | . . . . 3 4 3 3 . Data Loss (major) 6 | . . . . 1 . 3 2 . Misfires 1 | . . . . . . . 1 . Alerts 1 | . . . . . . 1 . . Misdirections 3 | . . . . . 1 2 . . Overload Shots . | . . . . . . . . . Overflow Damage 298 | . . . . 167 . 45 86 . Projectiles . | . . . . . . . . . Explosions 77 | . . . . . . . 77 . Melee 221 | . . . . 167 . 45 9 . Knockbacks . | . . . . . . . . . Impact . | . . . . . . . . . Kinetic . | . . . . . . . . . Secondary . | . . . . . . . . . Self-Inflicted Damage 206 | . . . . . . . 206 . Shots 4 | . . . . . . . 4 . Rammed . | . . . . . . . . . Targets Rammed 2 | . . . . . 1 . 1 . Kicked 2 | . . . . . 1 . 1 . Crushed . | . . . . . . . . . Highest Temperature 252 | . 27 . . 235 170 252 231 . Average Temperature 75 | . 10 . . 88 69 136 72 . Received Heat Transfer 1380 | . 93 213 . 291 303 . 480 . Effects 1 | . . . . . . 1 . . Energy Bleed 1 | . . . . . . 1 . . Siege Activations . | . . . . . . . . . Martial Activations . | . . . . . . . . . Shielding Activations . | . . . . . . . . . Robots Disrupted 1 | . . . . 1 . . . . Combat Hostiles 1 | . . . . 1 . . . . Robots Corrupted . | . . . . . . . . . Combat Hostiles . | . . . . . . . . . Parts Fried . | . . . . . . . . . Impact Corruptions . | . . . . . . . . . Robots Melted . | . . . . . . . . . Combat Hostiles . | . . . . . . . . . Parts Melted . | . . . . . . . . . Heat Transferred . | . . . . . . . . . Parts Sabotaged . | . . . . . . . . . Parts Stolen . | . . . . . . . . . Parts Stripped . | . . . . . . . . . Power Chain Reactions . | . . . . . . . . . Alert | -11 -10 -10 -8 -6 -6 -6 -6 -6 ------- Run | Yrd Mat Sub Scr Fac Low Low Zio Dee Maximum Alert Level 1 | . . . . 1 . . . . Low Security (%) 94 | 100 100 . . 91 . . . . Level 1 5 | . . . . 8 . . . . Level 2 . | . . . . . . . . . Level 3 . | . . . . . . . . . Level 4 . | . . . . . . . . . Level 5 . | . . . . . . . . . High Security . | . . . . . . . . . Max Security . | . . . . . . . . . Peak Influence 352 | . 70 . . 352 . . . . Initial . | . . . . . . . . . Average 70 | . 10 . . 102 . . . . Influence Increases 1680 | . 150 215 . 851 278 176 10 . Destroy 0b10 Robot/C 1000 | . 120 80 . 560 160 80 . . Destroy 0b10 Robot/NC 35 | . . . . 25 . . 10 . Destroy Leader 202 | . 30 . . 142 20 10 . . Allied During Kill 86 | . . . . 52 23 11 . . Successful Hack 8 | . . . . 8 . . . . Disable Machine 15 | . . . . 15 . . . . Destroy Structure 19 | . . . . 19 . . . . Partial Spotted 15 | . . . . 15 . . . . Lose Combat Pursuer 300 | . . 135 . 15 75 75 . . Influence Decreases 1680 | . 150 215 . 533 550 222 10 . Entered New Map 129 | . . . . . 119 10 . . Time Decay 1179 | . 150 155 . 413 279 172 10 . Lost Part 192 | . . 60 . 60 72 . . . Lost Ally 180 | . . . . 60 80 40 . . Squads Dispatched 11 | . 2 . . 9 . . . . Investigation 4 | . . . . 4 . . . . Extermination 3 | . . . . 3 . . . . Reinforcement 3 | . 2 . . 1 . . . . Assault . | . . . . . . . . . Garrison 1 | . . . . 1 . . . . Intercept . | . . . . . . . . . Searches Triggered . | . . . . . . . . . Construction Impeded 1 | . . . . 1 . . . . Haulers Reinforced . | . . . . . . . . . Active Scanning Responses . | . . . . . . . . . Cargo Convoy Interrupts . | . . . . . . . . . Stealth | -11 -10 -10 -8 -6 -6 -6 -6 -6 --------- Run | Yrd Mat Sub Scr Fac Low Low Zio Dee Distress Signals . | . . . . . . . . . Communications Jammed . | . . . . . . . . . Distress Signals . | . . . . . . . . . Times Spotted 103 | . 9 15 . 29 17 8 25 . Peak Tracking Total 10 | . 3 2 . 4 6 4 10 . Tactical Retreats 8 | . . 3 . 1 1 3 . . Traps | -11 -10 -10 -8 -6 -6 -6 -6 -6 ------- Run | Yrd Mat Sub Scr Fac Low Low Zio Dee Traps Triggered 9 | . . . . 9 . . . . Indirectly . | . . . . . . . . . Trap Hack Attempts . | . . . . . . . . . Triggered . | . . . . . . . . . Disarmed . | . . . . . . . . . Reprogrammed . | . . . . . . . . . Reused . | . . . . . . . . . Traps Extracted . | . . . . . . . . . Installed . | . . . . . . . . . Triggered . | . . . . . . . . . Machines | -11 -10 -10 -8 -6 -6 -6 -6 -6 ---------- Run | Yrd Mat Sub Scr Fac Low Low Zio Dee Machines Disabled 5 | . . . . 1 . . 4 . Max in Single Turn 2 | . . . . . . . 2 . Machines Repaired . | . . . . . . . . . Machines Dismantled . | . . . . . . . . . Machines Sabotaged . | . . . . . . . . . Overloaded Fab Kills . | . . . . . . . . . Hacking | -11 -10 -10 -8 -6 -6 -6 -6 -6 --------- Run | Yrd Mat Sub Scr Fac Low Low Zio Dee Machines Accessed 12 | . 1 . 3 4 2 2 . . Terminals 3 | . 1 . . 2 . . . . Fabricators . | . . . . . . . . . Repair Stations . | . . . . . . . . . Recycling Units 2 | . . . . 2 . . . . Scanalyzers . | . . . . . . . . . Garrison Access . | . . . . . . . . . Total Hacks 32 | . 3 . 10 7 6 6 . . Successful 24 | . . . 10 2 6 6 . . Failed 8 | . 3 . . 5 . . . . Catastrophic 1 | . . . . 1 . . . . Database Lockouts . | . . . . . . . . . Manual 13 | . . . . 7 . . 6 . Terminals 6 | . 3 . . 3 . . . . Fabricators . | . . . . . . . . . Repair Stations . | . . . . . . . . . Recycling Units 4 | . . . . 4 . . . . Scanalyzers . | . . . . . . . . . Garrison Access . | . . . . . . . . . Terminal Hacks 23 | . . . 10 1 6 6 . . Record 10 | . . . . . 5 5 . . Robot Analysis 8 | . . . 8 . . . . . Open Door 3 | . . . 1 . 1 1 . . Branch Access Points 1 | . . . . 1 . . . . Proto ID Catalog 1 | . . . 1 . . . . . Fabricator Hacks . | . . . . . . . . . Repair Station Hacks . | . . . . . . . . . Recycling Unit Hacks . | . . . . . . . . . Scanalyzer . | . . . . . . . . . Garrison Access Hacks . | . . . . . . . . . Unauthorized Hacks 1 | . . . . 1 . . . . Terminals . | . . . . . . . . . Fabricators . | . . . . . . . . . Repair Stations . | . . . . . . . . . Recycling Units 1 | . . . . 1 . . . . Scrapoids 1 | . . . . 1 . . . . Scanalyzers . | . . . . . . . . . Garrison Access . | . . . . . . . . . Data Cores Recovered . | . . . . . . . . . Used . | . . . . . . . . . Hacking Detections 3 | . 1 . . 2 . . . . Full Trace Events 1 | . . . . 1 . . . . Feedback Events . | . . . . . . . . . Feedback Blocked . | . . . . . . . . . Robot Schematics Acquired 3 | . . . . . . . 3 . Robots Built . | . . . . . . . . . Authchips . | . . . . . . . . . Time . | . . . . . . . . . Total Robot Build Rating . | . . . . . . . . . Part Schematics Acquired 14 | . . . . . . . 14 . Parts Built . | . . . . . . . . . Authchips . | . . . . . . . . . Time . | . . . . . . . . . Total Part Build Rating . | . . . . . . . . . Parts Repaired . | . . . . . . . . . Time . | . . . . . . . . . Parts Recycled . | . . . . . . . . . Recycled Matter . | . . . . . . . . . Retrieved Matter . | . . . . . . . . . Retrieved Components . | . . . . . . . . . Parts Scanalyzed . | . . . . . . . . . Part Schematics Acquired . | . . . . . . . . . Parts Damaged . | . . . . . . . . . Bothacking | -11 -10 -10 -8 -6 -6 -6 -6 -6 ------------ Run | Yrd Mat Sub Scr Fac Low Low Zio Dee Used RIF Installer . | . . . . . . . . . Robots Hacked . | . . . . . . . . . Non-combat . | . . . . . . . . . Combat . | . . . . . . . . . Robot Hacks Applied . | . . . . . . . . . Relay Couplers Released . | . . . . . . . . . Fabnet Peak Effective % . | . . . . . . . . . Robots Rewired . | . . . . . . . . . Allies Hacked 1 | . . . . 1 . . . . Hacks Repelled . | . . . . . . . . . Allies | -11 -10 -10 -8 -6 -6 -6 -6 -6 -------- Run | Yrd Mat Sub Scr Fac Low Low Zio Dee Total Allies 14 | . . . . 5 2 2 5 . Largest Group 5 | . . . . 5 4 2 3 2 Highest-Rated Group 240 | . . . . 146 112 50 240 192 Highest-Rated Ally 96 | . . . . 31 31 25 96 96 Total Orders 2 | . . . . 2 . . . . STAY 1 | . . . . 1 . . . . FOLLOW 1 | . . . . 1 . . . . Ally Attacks 95 | . . . . 50 13 5 25 2 Total Damage 2045 | . . . . 706 240 152 897 50 Kills 16 | . . . . 5 2 1 8 . Allies Corrupted 2 | . . . . 1 . . 1 . Allies Melted . | . . . . . . . . . Intel | -11 -10 -10 -8 -6 -6 -6 -6 -6 ------- Run | Yrd Mat Sub Scr Fac Low Low Zio Dee Active Infowar (turns) 7555 | . . 897 2332 1442 837 568 1386 93 Optics 5488 | . . . 1162 1442 837 568 1386 93 Sensors 1789 | . . . . . 422 568 799 . Terrain 3161 | . . . 250 1340 247 523 801 . Seismic 2738 | . . 897 1170 671 . . . . Jamming 245 | . . . . . . . 245 . Robot Analysis Total 8 | . . . 8 . . . . . Derelict Logs Recovered 6 | . . . 2 . 2 1 1 . Drone Launches . | . . . . . . . . . Drone Recoveries . | . . . . . . . . . Exploration | -11 -10 -10 -8 -6 -6 -6 -6 -6 ------------- Run | Yrd Mat Sub Scr Fac Low Low Zio Dee Turns Passed 8490 | 66 668 1098 2332 1442 837 568 1386 93 Spaces Moved 5448 | 42 376 692 1534 791 535 438 962 78 Core 70 | 10 . . . . 60 . . . Treads 771 | 32 376 354 . 9 . . . . Legs 3248 | . . . 988 694 460 438 668 . Wheels 1359 | . . 338 546 88 15 . 294 78 Hover . | . . . . . . . . . Flight . | . . . . . . . . . Fastest Speed 50 | 50 160 110 95 110 50 120 96 120 Average Speed 134 | 133 160 137 149 135 115 120 118 120 Slowest Speed 450 | 160 160 160 210 232 450 120 190 120 Overloaded Moves . | . . . . . . . . . Propulsion Burnouts . | . . . . . . . . . Robots Hopped . | . . . . . . . . . Potential Cave-ins . | . . . . . . . . . Cave-ins Triggered . | . . . . . . . . . Exploration Rate (%) 47 | 4 52 39 86 19 51 61 89 28 Regions Visited 8 Branch Regions 6 Pre-discovered Areas 2 | . . . . . 1 . 1 . Known Exits Taken 4 | . . . . 1 1 1 1 . Unknown Exits Taken 4 | 1 1 1 1 . . . . . Scrap Searched 7 | . . . 1 . 2 . 4 . Spaces Dug 7 | . . . . 5 . 2 . . Terrain Destroyed 145 | . . 32 . 37 . 2 74 . Melee 6 | . . . . 4 . 2 . . Projectile 2 | . . . . 2 . . . . AOE 137 | . . 32 . 31 . . 74 . Terrain Rammed . | . . . . . . . . . Walls Destroyed . | . . . . . . . . . Machines Disabled . | . . . . . . . . . Actions | -11 -10 -10 -8 -6 -6 -6 -6 -6 --------- Run | Yrd Mat Sub Scr Fac Low Low Zio Dee Total 6266 | 49 408 769 1578 1051 727 467 1139 78 Wait 360 | . . 23 . 115 125 13 84 . Move 5440 | 41 375 691 1533 790 534 437 961 78 Hop . | . . . . . . . . . Pick Up 81 | 2 9 6 18 15 21 1 9 . Fast Attach 48 | 6 3 . 7 12 11 1 8 . Attach 32 | . . 6 4 12 5 . 5 . Detach 13 | . . 1 5 5 1 . 1 . Swap 20 | . . 1 2 7 4 3 3 . Drop 48 | . 2 . 9 13 9 3 12 . Fire 99 | . 19 41 . 5 . . 34 . Melee 122 | . . . . 76 16 9 21 . Ram . | . . . . . . . . . Kick 2 | . . . . . 1 . 1 . Crush . | . . . . . . . . . Escape Stasis . | . . . . . . . . . Rewire 1 | . . . . 1 . . . . Trap . | . . . . . . . . . Miscellaneous . | . . . . . . . . . Route ------- -11/Scrapyard -10/Materials (discovered 2 exits: [*Mat] / [*Sub]) -10/Subcaves (discovered 3 exits: [*Mat] / [*Rec] / *Scr) -8/Scraptown (discovered 2 exits: *Fac x2) -6/Factory (discovered 3 exits: [Fac] / *Low x2) -6/Lower Caves -6/Lower Caves -6/Zion (discovered 2 exits: *Dee / [Pro]) -6/Deep Caves History --------- Turn | Location | Event 3 | -11/Scrapyard | Discovered new exit (range 15) 67 | -11/Scrapyard | Entered Materials 309 | -10/Materials | Build established: Mutant 528 | -10/Materials | Discovered new exit (range 3) 724 | -10/Materials | Discovered new exit (range 7) 735 | -10/Materials | Entered Subcaves 736 | -10/Subcaves | Approached by a straggling Scientist 804 | -10/Subcaves | A swath of the cavern ceiling suddenly collapsed 1060 | -10/Subcaves | Discovered new exit (range 4) 1169 | -10/Subcaves | Discovered new exit (range 14) 1425 | -10/Subcaves | Core integrity fell below 50% 1466 | -10/Subcaves | Lost 5 parts (1p2n2w) 1763 | -10/Subcaves | Scientist uncovered a shortcut to Scraptown 1833 | -10/Subcaves | Entered Scraptown 1926 | -8/Scraptown | Visited UFD Registry 1926 | -8/Scraptown | Registered with UFD as "Rustsys" 1951 | -8/Scraptown | Visited Curators Association 1973 | -8/Scraptown | Visited Sword Containment 2009 | -8/Scraptown | Visited Chapter 10 2023 | -8/Scraptown | Visited Botcube Research 2040 | -8/Scraptown | Visited Analyses Database 2057 | -8/Scraptown | Visited Infowarlord's Domain 2078 | -8/Scraptown | Visited Scrapoid Pod Storage 2112 | -8/Scraptown | Visited Science Guys 2340 | -8/Scraptown | Visited Fellowship of the Rings 2352 | -8/Scraptown | Visited TADAMA 2387 | -8/Scraptown | Visited CR-KLE's Repair Center 2531 | -8/Scraptown | Scanned Subdweller tech in exchange for log data 2538 | -8/Scraptown | Learned Factory machine intel 2544 | -8/Scraptown | Learned Research stockpile data 2567 | -8/Scraptown | Discovered new exit (range 13) 2613 | -8/Scraptown | Guru changed UFD alias to "Thunderbucket" 3548 | -8/Scraptown | CR-KLE repaired 6 parts 3802 | -8/Scraptown | Found Botcube 3875 | -8/Scraptown | Found Exp. Terrain Scan Processor 3924 | -8/Scraptown | Found Scrapoid Pod 4057 | -8/Scraptown | Met Optimus 4057 | -8/Scraptown | Accepted into 0bPrime 4159 | -8/Scraptown | Discovered new exit (range 3) 4165 | -8/Scraptown | Entered Factory 4165 | -6/Factory | Evolved 8 slots: Propulsion x3, Utility x5 4166 | -6/Factory | Loaded intel: 266 machine locations 4577 | -6/Factory | Build established: Assassin 4811 | -6/Factory | Identified exit to Lower Caves 4852 | -6/Factory | Discovered new exit (range 20) 4918 | -6/Factory | Build established: Scavenger-Assassin 5175 | -6/Factory | System corruption reached 10% 5488 | -6/Factory | Scrapoid reinforcements arrived 5552 | -6/Factory | Garrison activated, responded to threat 5607 | -6/Factory | Entered Lower Caves 5607 | -6/Lower Caves | Accompanied by 2 allies 5719 | -6/Lower Caves | Entered an active Warlord outpost 5722 | -6/Lower Caves | A Commander dispatched an escort 5738 | -6/Lower Caves | Learned location of Armory (-4) 5738 | -6/Lower Caves | Learned Extension trap positions 5738 | -6/Lower Caves | Learned Armory emergency access door positions 5891 | -6/Lower Caves | Core integrity fell below 50% 5932 | -6/Lower Caves | Lost 4 allies 5960 | -6/Lower Caves | Lost 8 parts (1p7n) 6109 | -6/Lower Caves | System corruption reached 30% 6112 | -6/Lower Caves | Learned Factory non-interactive machine intel 6167 | -6/Lower Caves | Found Scrap Suit 6209 | -6/Lower Caves | Learned 8 Factory zone layouts 6433 | -6/Lower Caves | Discovered new exit (range 6) 6443 | -6/Lower Caves | Identified exit to Lower Caves 6444 | -6/Lower Caves | Entered another Lower Caves area 6472 | -6/Lower Caves | A Commander dispatched an escort 6489 | -6/Lower Caves | Learned Armory stockpile data 6489 | -6/Lower Caves | Learned Factory security intel 6489 | -6/Lower Caves | Learned Armory security intel 6489 | -6/Lower Caves | Learned Extension garrison access intel 6710 | -6/Lower Caves | Encountered a Warlord checkpoint 6727 | -6/Lower Caves | Learned location of 1 exit from Proximity Caves 6988 | -6/Lower Caves | Discovered new exit (range 19) 7011 | -6/Lower Caves | Identified exit to Zion 7012 | -6/Lower Caves | Entered Zion 7061 | -6/Zion | Discovered new exit (range 19) 7075 | -6/Zion | Found CR-A16's Pointy Stick 7105 | -6/Zion | System corruption cleaned by Quarantine Array 7219 | -6/Zion | Given A8's code to call for help 7391 | -6/Zion | Learned 4 Factory zone layouts 7409 | -6/Zion | Discovered new exit (range 17) 7496 | -6/Zion | Learned location of Warlord (-5) 7576 | -6/Zion | Given the Hacking Drone Bay 7577 | -6/Zion | Found Prototype Device 7650 | -6/Zion | Gained Derelict followers 7789 | -6/Zion | Turned away by Imprinter 7809 | -6/Zion | Attempted to imprint without authorization 7809 | -6/Zion | Attacked by Zionites 7844 | -6/Zion | Core integrity fell below 20% 7854 | -6/Zion | Extracted access codes from Imprinter's data core 8060 | -6/Zion | Lost 3 parts (2n1u) 8115 | -6/Zion | Build established: Scavenger-Mutant 8136 | -6/Zion | ME-RLN came to Zion's defense 8138 | -6/Zion | Botcube activated 8353 | -6/Zion | Enhanced Grunt warped into view, answering call for help 8361 | -6/Zion | Opened final containment barrier to the Deep Caves 8367 | -6/Zion | Enhanced Grunt warped into view, answering call for help 8391 | -6/Zion | Saw the warning signs outside the Deep Caves entrance 8393 | -6/Zion | Identified exit to Deep Caves 8398 | -6/Zion | Entered Deep Caves 8398 | -6/Deep Caves | Accompanied by 2 allies 8491 | -6/Deep Caves | Destroyed by Enhanced Grunt with Neutron Cannon Last Messages --------------- 08371_ Chain reaction triggered in Imp. Deuterium Engine. 08371_ FO-KJY(z) pulls a Mak. Shrapnel Gun out of the Twisted Machinery. 08371_ RQ-JVZ(z) pulls a Mak. Hammer out of the Twisted Machinery. 08374_ Chain reaction triggered in Mak. Power Source. 08376_ Acquired 17 matter. 08377_ FO-KJY(z) destroyed. 08381_ Acquired Mak. Leg. RT-NR4(z) bursts out of the Twisted Machinery. 08383_ RT-NR4(z) pulls a Mak. Shrapnel Gun out of the Twisted Machinery. 08384_ System corrupted: Substantial component data lost. 08386_ RT-NR4(z) destroyed. 08391_ The room is plastered with warning signs of various forms. 08393_ EXIT=IDENTIFIED: DEEP CAVES LOCATION=DEEP CAVES GOAL=ESCAPE Companion Sword: "Onward!" 08399_ U T6LUFD&WUEFSXSJ 08443_ System corrupted: Matter fused (-5). 08473_ 31-XYF(o) is busy at the terminal. 08490_ System corrupted: Matter fused (-10). Map ----- +----------------------------------------------------+ | | | ?????????????????????????????????????????????????? | | ?????????????????????????????????????????????????? | | ?????????????????????????????????????????????????? | | ???????????????????????##???????????????????###??? | | ??????????????? ##?### #??????######?????## ### | | ?????????????? ## # ????### ##????# | | ????????????? ##### #????# | | ???????????? #?????# | | ??????????? ??????# | | ???????????? #??????## | | ???????????? #???????### | | ????????????"" ##????????## | | ????????????"" ########### | | ??????????"""" | | ??????????"""" | | ??????????" | | ???????????""" ###### | | ???????????""" ###????# | | ??????????"""" ##??????# | | ????????"""""" #???????## # | | ???????"" " " ##???????#### | | ???????"""o o #??????##### | | ???????"" #?????## | | ???????"""o g #????## | | ???????""" @ g ##????# | | ?????????""" ##???## | | ?????????"""""o #???# | | ?????"" #???# ## | | ?????"" """ ##???# #### | | ??????????"""" ##????# ##?? | | ??????????""""" #?????# ### | | ???????????"""" #????## # | | ???????????"""" #????#### | | ????????????"" #???????## | | ???????????"" ##???????## | | ?????????? #??????### | | ?????????"""""o #?????## | | ?????????""" #????# | | ??????????? #????# | | ?????????? #???# | | ????????? #???## # | | ????????? ????# # | | ?????????? #??# ? | | ??????????? #??# #? | | ????????????? ##### #??## #?? | | ????????????????##????### #### ??????###??? | | ????????????????????????######???# ?????????????? | | ?????????????????????????????????????????????????? | | ?????????????????????????????????????????????????? | +----------------------------------------------------+ Best States ------------- Heat Dissipation 37 Energy Generation 19 Energy Capacity 500 Matter Stores 300 Matter Capacity 300 Sight Range 22 Robot Scan Range 15 Terrain Scan Range 20 Terrain Scan Density 1010 Jamming Range 12 Armor Coverage 225 Evasion (%) 55 Core Analysis 9 Recoil Reduction 4 Item Schematics ----------------- Focal Shield | -6/Zion | Archive Imp. Remote Datajack | -6/Zion | Archive IFF Parser | -6/Zion | Archive Variable Charge Gun | -6/Zion | Archive Drone Bay | -6/Zion | Archive Imp. Weapon Cycler | -6/Zion | Archive Dispersion Rifle | -6/Zion | Archive Adv. Sensor Array | -6/Zion | Archive Adv. Actuator Array | -6/Zion | Archive Adv. Cooling System | -6/Zion | Archive Imp. Heavy Armor Plating | -6/Zion | Archive Adv. Shield Generator | -6/Zion | Archive Imp. Coolant Injector | -6/Zion | Archive Proton Cannon | -6/Zion | Archive Robot Schematics ------------------ R-06 Scavenger | -6/Zion | Archive G-50 Soldier | -6/Zion | Archive Y-72 Warden | -6/Zion | Archive Fabricated ------------ Nothing Repaired ---------- Nothing Alien Tech Used ----------------- None Achievements -------------- None Challenges ------------ None Game ------ Seed MultinovaCompactRipper Manual? 0 Play Time 00:49:13 Cumulative 349.5 hours Start 2025.07.16 @ 12:00:59 End 2025.07.17 @ 12:28:31 Sessions 4 Manual Loads 0 Difficulty Rogue Special Mode None Game No. 336 Rogue 300 Adventurer 36 Explorer 0 Win Type - Total 14 Types 6/0/8/0/0/0/0/0/0/0 Lore% 71 Gallery% 82 Achievement% 75 Wizard Run 0 Options --------- Layout 0 ASCII 0 Keyboard 0 Movement Mouse Keybinds 0 Fullscreen 1 Font 18/SmallcapsGlow Map View 76x50 Zoom Use 0% Tactical HUD 1 Map Filters NONE Filters SHIFT_HUE(315) Steam 1 RUN: 9738b5d5-d64c-42df-8c76-4a9e7ca9a0a8